 Dungeon Crawl Stone Soup version 0.30.1-9-gdf580d7c3d (webtiles) character file.

Game seed: 5880431097766756071

122 KittyFluff the Cudgeller (level 5, 0/33 HPs)
             Began as a Gargoyle Berserker on Oct 20, 2023.
             Was a Believer of Trog.
             Slain by a ball python (2 damage)
             ... in a sewer.
             The game lasted 00:05:35 (1577 turns).

KittyFluff the Cudgeller (Gargoyle Berserker)       Turns: 1577, Time: 00:05:37

Health: 0/33       AC:  9    Str: 23    XL:     5   Next: 6%
Magic:  5/5        EV:  8    Int:  7    God:    Trog [**....]
Gold:   155        SH:  0    Dex:  9    Spells: 4/4 levels left

rFire   + . .        a - +0 mace
rCold   + . .        (no shield)
rNeg    + . .        v - +0 leather armour
rPois   ∞            n - +0 helmet
rElec   +            h - scarf {rC+ rF+}
rCorr   .            (no gloves)
SInv    .            j - +0 pair of boots
Will    .....        (no amulet)
Stlth   +            (no ring)
HPRegen 0.25/turn    (no ring)
MPRegen 0.09/turn

%: no passive effects
@: constricted
A: sickness immunity, AC +4, negative energy resistance 1, electricity
resistance, torment resistance 1, petrification resistance
a: Renounce Religion, Berserk, Trog's Hand


You were in a sewer.
You worshipped Trog.
Trog was pleased with you.
You visited 1 branch of the dungeon, and saw 3 of its levels.
You also visited: Sewer.

You collected 155 gold pieces.

Inventory:

Hand Weapons
 a - a +0 mace (weapon)
Armour
 h - a scarf of resistance (worn)
 j - a +0 pair of boots (worn)
 n - a +0 helmet (worn)
 o - a +0 cloak
 v - a +0 leather armour (worn)
Scrolls
 e - a scroll of teleportation {unknown}
 f - 2 scrolls of silence
 i - a scroll of amnesia {unknown}
 k - a scroll of vulnerability {unknown}
 l - a scroll of summoning {unknown}
 m - a scroll of identify {unknown}
 q - a scroll of enchant weapon {unknown}
 r - a scroll of magic mapping {unknown}
Potions
 c - a potion of might {unknown}
 d - a potion of invisibility {unknown}
 g - a potion of heal wounds {unknown}
 p - a potion of lignification {unknown}
 s - a potion of attraction {unknown}
 t - a potion of haste {unknown}
 u - a potion of degeneration {unknown}


   Skills:
 + Level 3.9 Fighting
 * Level 4.0 Maces & Flails
 * Level 3.6 Armour
 + Level 2.1 Dodging


You had 4 spell levels left.
You didn't know any spells.
Your spell library was empty.

Dungeon Overview and Level Annotations

Branches:
Dungeon (3/15)              Sewer (1/1)

Altars:
Uskayaw


Innate Abilities, Weirdness & Mutations

You are immune to sickness and miasma.
Your stone body is resilient. (AC +4)
You are immune to poison.
You resist negative energy. (rN+)
You are resistant to electric shocks. (rElec)
You are resistant to unholy torment.
You are immune to petrification.


Message History

You continue taking off your +0 animal skin. x4
You finish taking off your +0 animal skin.
You start putting on your armour.
You continue putting on your +0 leather armour. x5
You finish putting on your +0 leather armour.
You drop a +0 animal skin.
You hear a splash.
There is a glowing drain here.
The world spins around you as you enter the gateway.
You enter a sewer!
The adder hisses angrily.
Found a gate leading back out of this place.
There is an empty arch of ancient stone here.
You barely miss the river rat. The adder barely misses you.
The ball python closely misses you. The ball python grabs you.
The ball python constricts you. The adder bites you but does no damage.
The river rat bites you. The ball python barely misses you.
The ball python constricts you.
You hit the river rat but do no damage. The adder bites you.
The ball python barely misses you. The ball python constricts you.
The river rat bites you. The adder bites you but does no damage.
You hit the river rat.
The river rat is lightly wounded.
The ball python bites you but does no damage.
The ball python constricts you. The adder bites you but does no damage.
The river rat barely misses you. The ball python bites you.
The ball python constricts you.
You hit the river rat.
The river rat is severely wounded.
The adder barely misses you. The river rat bites you.
The ball python bites you. The ball python constricts you.
The adder bites you but does no damage.
You barely miss the river rat.
The river rat is severely wounded.
The river rat bites you.
* * * LOW HITPOINT WARNING * * *
The adder bites you.
* * * LOW HITPOINT WARNING * * *
The ball python bites you.
You die...

##
###.∩###
#....S@#
......Sr#
........#
##.....##
##...#
####


You could see an adder, a river rat and a ball python.

Vanquished Creatures
  8 adders
  2 worms (D:2)
  A dart slug (D:2)
  3 ball pythons
  2 endoplasms
  A giant cockroach (D:1)
  4 hobgoblins
  3 jackals (D:2)
  5 kobolds
  2 quokkas
  A frilled lizard (D:2)
  6 goblins
  3 rats (D:2)
41 creatures vanquished.

Notes
Turn   | Place    | Note
-------+----------+-------------------------------------------
     0 | D:1      | KittyFluff the Gargoyle Berserker began the quest for the
                  | Orb.
     0 | D:1      | Reached XP level 1. HP: 14/14 MP: 1/1
   382 | D:1      | Reached XP level 2. HP: 15/19 MP: 2/2
   698 | D:2      | Reached XP level 3. HP: 22/23 MP: 3/3
   823 | D:2      | Reached ** piety under Trog
   908 | D:2      | Found a hide-covered altar of Uskayaw.
   981 | D:2      | Found a faded altar of an unknown god.
  1005 | D:2      | Reached XP level 4. HP: 29/29 MP: 4/4
  1544 | D:3      | Found a glowing drain.
  1550 | D:3      | Reached skill level 4 in Maces & Flails
  1550 | D:3      | Reached XP level 5. HP: 29/33 MP: 5/5
  1569 | Sewer    | Entered a sewer
  1577 | Sewer    | Slain by a ball python

Illustrated notes

Levels and vault maps discovered:
D:1:      lemuel_arrival_river_ford, layout_rooms
D:2:      layout_loops_cross, shapermc_ecumenical_altar_mp_highgroup,
          basic_altar
D:3:      layout_basic, portal_sewer_entry_d
Sewer:    sewer_fruit_machine

Skill      XL: |  1  2  3  4 |
---------------+-------------+-----
Armour         | 3 |  3.6
Dodging        | 2 |  2.1
Maces & Flails | 4 |  4.0
Fighting       | |  3.9

Action                     |  1- 3 |  4- 6 || total
---------------------------+-------+-------++-------
  Melee: Mace              |    95 |    82 ||   177
         Punch             |     1 |       ||     1
    Use: Scroll            |     1 |       ||     1
 Armour: Animal skin       |    40 |    31 ||    71
         Leather armour    |       |     5 ||     5
  Dodge: Dodged            |    51 |    54 ||   105
